 Dungeon Crawl Stone Soup version 0.25-a0-804-g50c693f (webtiles) character file.

Game seed: 15911498239165677355, levelgen mode: deterministic

243 Atlas the Chiller (level 5, -2/36 HPs)
             Began as a Mummy Ice Elementalist on Apr 20, 2020.
             Slain by a gnoll
             ... wielding a +2 spear of venom
              (3 damage)
             ... on level 4 of the Dungeon.
             The game lasted 00:04:04 (5124 turns).

Atlas the Chiller (Mummy Ice Elementalist)          Turns: 5124, Time: 00:04:05

Health: -2/36      AC:  4    Str: 11    XL:     5   Next: 82%
Magic:  11/11      EV:  6    Int: 16    God:
Gold:   106        SH:  0    Dex: 12    Spells: 1/12 levels left

rFire    x . .     SeeInvis .   g - +1 halberd (flame)
rCold    + . .     Gourm    .   (shield currently unavailable)
rNeg     + + +     Faith    .   d - +0 leather armour
rPois    ∞         Spirit   .   (no helmet)
rElec    .         Reflect  .   e - +0 cloak (curse)
rCorr    .         Harm     .   (no gloves)
MR       .....                  (no boots)
Stlth    ++........             (no amulet)
HPRegen  0.12/turn              (no ring)
MPRegen  0.12/turn              (no ring)

@: held
A: no food or potions, fire vulnerability, cold resistance 1, negative energy
resistance 3, torment resistance, unbreathing
a: no special abilities


You were on level 4 of the Dungeon.
You were not hungry.

You visited 1 branch of the dungeon, and saw 4 of its levels.

You collected 106 gold pieces.

Inventory:

Hand Weapons
 a - a +0 flail of protection
 g - a +1 halberd of flaming (weapon)
Armour
 d - a +0 leather armour (worn)
 e - a cursed +0 cloak (worn)
Scrolls
 b - 2 scrolls of noise {unknown}
 c - 5 scrolls of identify {unknown}
 f - a scroll of fog {unknown}


   Skills:
 + Level 0.6 Fighting
 + Level 1.0 Maces & Flails
 + Level 0.3 Polearms
 + Level 1.1 Armour
 + Level 1.8 Dodging
 + Level 1.6 Stealth
 + Level 4.2 Spellcasting
 + Level 4.7 Ice Magic


You had one spell level left.
You knew the following spells:

 Your Spells              Type           Power        Failure   Level  Hunger
a - Freeze                Ice            ###.         3%          1    N/A
b - Frozen Ramparts       Ice            ###...       10%         3    N/A
c - Ozocubu's Armour      Chrm/Ice       ##......     24%         3    N/A
d - Summon Ice Beast      Ice/Summ       ##......     63%         4    N/A

Your spell library contained the following spells:

 Spells                   Type           Power        Failure   Level  Hunger
 Hailstorm                Conj/Ice       ##......     63%         4    N/A

Dungeon Overview and Level Annotations

Branches:
Dungeon (4/15)
 Temple: D:4-7

Altars:
Gozag
Nemelex Xobeh
Trog
Uskayaw
The Shining One


Innate Abilities, Weirdness & Mutations

You do not eat or drink.
Your flesh is vulnerable to fire.
You are immune to poison.
Your flesh is cold resistant. (rC+)
You are immune to negative energy. (rN+++)
You are immune to unholy pain and torment.
You can survive without breathing.


Message History

You can't do that while held in a net.
Unknown command.
You can't do that while held in a net.
You can't do that while held in a net.
You can't do that while held in a net.
You can't do that while held in a net.
You struggle against the net.
The gnoll hits you but does no damage.
The leopard gecko skeleton bites you but does no damage.
You struggle against the net.
The gnoll hits you but does no damage.
The leopard gecko skeleton barely misses you.
You struggle against the net.
The gnoll hits you from afar with a cursed -2 halberd!
The gnoll hits you from afar with a +2 spear of venom!
The gnoll hits you with a +0 club.
The leopard gecko skeleton bites you but does no damage.
You struggle against the net.
The gnoll hits you from afar with a cursed -2 halberd!
* * * LOW HITPOINT WARNING * * *
The gnoll hits you from afar with a +2 spear of venom.
You die...

##########
#g@Zgg....
#.........
#.g.......
#.........
#..>......
#.........
#.........
#.........


You could see 4 gnolls and a leopard gecko skeleton.

Vanquished Creatures
  9 gnolls
  4 adders
  An ooze (D:3)
  4 worms
  2 dart slugs
  2 leopard geckos
  8 orcs (D:3)
  8 bats
  7 giant cockroaches
  12 goblins
  9 hobgoblins
  4 ball pythons
  6 frilled lizards
  9 kobolds
  9 rats
94 creatures vanquished.

Notes
Turn   | Place    | Note
-------+----------+-------------------------------------------
     0 | D:1      | Atlas the Mummy Ice Elementalist began the quest for the
                  | Orb.
     0 | D:1      | Reached XP level 1. HP: 13/13 MP: 4/4
   475 | D:1      | Reached XP level 2. HP: 8/19 MP: 0/5
  1587 | D:1      | Reached XP level 3. HP: 24/24 MP: 5/7
  1592 | D:1      | Learned a level 3 spell: Frozen Ramparts
  1596 | D:1      | Learned a level 3 spell: Ozocubu's Armour
  2353 | D:2      | Found a sparkling altar of Nemelex Xobeh.
  2421 | D:2      | Reached XP level 4. HP: 14/30 MP: 3/9
  3661 | D:3      | Reached XP level 5. HP: 35/35 MP: 11/11
  3690 | D:3      | Learned a level 4 spell: Summon Ice Beast
  3754 | D:3      | Reached skill level 1 in Armour
  3759 | D:3      | Reached skill level 1 in Maces & Flails
  4865 | D:3      | Found a glowing golden altar of the Shining One.
  4870 | D:3      | Found an opulent altar of Gozag.
  4870 | D:3      | Found a bloodstained altar of Trog.
  4871 | D:3      | Found a hide-covered altar of Uskayaw.
  5124 | D:4      | HP: 1/36 [gnoll/cursed -2 halberd (11)]
  5124 | D:4      | Slain by a gnoll

Levels and vault maps discovered:
D:1:      evilmike_arrival_hilbert_curve, layout_loops_ring
D:2:      layout_basic, nemelex_altar_shiori, serial_bayou, serial_bayou_pond_b,
          serial_bayou_shore_b, serial_bayou_shore_a
D:3:      layout_loops_ring, minitemple, kennysheep_doodads, hex_tiny,
          serial_bayou_lagoon_b
D:4:      minmay_recursive_quarters, layout_basic, first_ration

Skill      XL: |  1  2  3  4  5 |
---------------+----------------+-----
Spellcasting   | 3 4 |  4.2
Ice Magic      | 4 |  4.7
Armour         | 1 |  1.1
Maces & Flails | 1 |  1.0
Fighting       | |  0.6
Polearms       | |  0.3
Dodging        | |  1.8
Stealth        | |  1.6

Action                   |  1- 3 |  4- 6 || total
-------------------------+-------+-------++-------
Melee: Unarmed           |    28 |       ||    28
       Flail             |       |    65 ||    65
       Halberd           |       |    53 ||    53
 Cast: Freeze            |    67 |    15 ||    82
       Frozen Ramparts   |     1 |    10 ||    11
 Stab: Sleeping          |     1 |     1 ||     2
Armor: Robe              |     5 |       ||     5
       Leather armour    |     6 |    52 ||    58
Dodge: Dodged            |    49 |   110 ||   159

Table legend:
 A = Non-vault XP
 B = Vault XP
 C = Vault XP percentage of total XP
 D = Non-vault monster count
 E = Vault monster count
 F = Vault count percentage of total count
                 A         B        C        D         E       F
            +---------+---------+-------+---------+---------+-------
      Total |     345 |       3 |   0.9 |      91 |       3 |   3.2
            +---------+---------+-------+---------+---------+-------
        D:1 |      46 |       0 |   0.0 |      26 |       0 |   0.0
        D:2 |     124 |       3 |   2.4 |      24 |       3 |  11.1
        D:3 |     175 |       0 |   0.0 |      41 |       0 |   0.0
            +---------+---------+-------+---------+---------+-------
